AoeStats
← BaLVaL

Arabia

509706894Analyzed
1v1 RM · 4d ago on Sep 27, 2026· 39m 56s· 2 players
Game mode
Random Map
Map size
Tiny (2 player)
Population
200
Speed
Normal
Resources
Standard
Victory
Conquest
Starting age
Dark Age
Ending age
Imperial Age
RankedLock teamsTeams togetherTeam positionsShared explorationLock speedFull tech treeHidden civsTurbo modeCheats
Victory
Defeat
🇨🇱 Bulgarians · Chile
1017
+17
🇹🇷 Saracens · Türkiye
1029
-17
BaLVaL
8:50 Loom
11:40 Feudal Age
12:34 Gold Mining
12:30 Double-Bit Axe
19:51 Castle Age
17:55 Horse Collar
18:20 Scale Mail Armor
20:33 Forging
21:19 Chain Mail Armor
20:55 Gambesons
21:44 Squires
23:55 Bow Saw
23:50 Heavy Plow
25:37 Wheelbarrow
27:31 Hand Cart
29:19 Iron Casting
34:03 Imperial Age
33:48 Town Watch
34:02 Arson
35:09 Bagains
35:30 Conscription
34:34 Capped Ram
36:11 Siege Ram
Aslan AKbey
7:11 Loom
9:33 Feudal Age
10:05 Double-Bit Axe
15:57 Gold Mining
15:49 Horse Collar
19:45 Fletching
22:58 Castle Age
23:31 Crossbowman
25:42 Bodkin Arrow
25:38 Town Watch
27:28 Bow Saw
28:10 Gold Shaft Mining
28:36 Wheelbarrow
30:24 Stone Mining
30:40 Heavy Plow
37:12 Imperial Age
36:19 Ballistics
37:23 Masonry
39:00 Chemistry
38:14 Bracer
Connection lost

Rejoining the realm…

Still unreachable

The connection could not be restored.

Session expired

The server has moved on; the page needs a fresh start.